 Dungeon Crawl Stone Soup version 0.26-a0-362-g1d9a9cd4fa (webtiles) character file.

Game seed: 5231089711513790446

102036 KristoblXynda the Grappler (level 15, -4/143 HPs)
             Began as a Troll Monk on July 18, 2020.
             Was the Champion of Dithmenos.
             Slain by a black mamba (13 damage)
             ... on level 2 of the Snake Pit.
             The game lasted 00:56:44 (22837 turns).

KristoblXynda the Grappler (Troll Monk)            Turns: 22837, Time: 00:56:44

Health: -4/143     AC: 17    Str: 26    XL:     15   Next: 85%
Magic:  10/19      EV: 18    Int: 11    God:    Dithmenos [******]
Gold:   2026       SH:  0    Dex: 17    Spells: 14/17 levels left

rFire    . . .     SeeInvis .     - Unarmed
rCold    . . .     Faith    .   (no shield)
rNeg     . . .     Spirit   .   z - +1 troll leather armour
rPois    +         Reflect  .   (helmet restricted)
rElec    +         Harm     .   w - +2 cloak "Inwuv" {rElec rPois Regen+ Str-3 Dex+3}
rCorr    .                      (gloves unavailable)
MR       +....                  (boots unavailable)
Stlth    +++.......             C - amulet of regeneration
HPRegen  1.93/turn              L - ring "Viodaoll" {*Slow rElec AC+4 Dex+2}
MPRegen  0.16/turn              K - +6 ring of strength

@: lethally poisoned (-4 -> -10), wreathed by umbra, studying Polearms
A: large, unfitting armour, claws 3, regeneration 1, shaggy fur 1, tough skin 3
a: Shadow Step, Shadow Form, Renounce Religion


You were on level 2 of the Snake Pit.
You worshipped Dithmenos.
Dithmenos was exalted by your worship.
You visited 5 branches of the dungeon, and saw 26 of its levels.
You also visited: Gauntlet.

You collected 2820 gold pieces.
You spent 794 gold pieces at shops.

Inventory:

Hand Weapons
 A - a +4 morningstar of protection
Missiles
 u - 9 throwing nets (quivered)
Armour
 j - a scarf of invisibility
 n - a +0 kite shield
 w - the +2 cloak "Inwuv" (worn) {rElec rPois Regen+ Str-3 Dex+3}
   (You found it on level 4 of the Dungeon)

   It affects your strength (-3).
   It affects your dexterity (+3).
   It insulates you from electricity.
   It protects you from poison.
   It increases your rate of regeneration.
 z - a +1 troll leather armour (worn)
Jewellery
 a - an uncursed ring of see invisible
 C - an amulet of regeneration (around neck)
 K - a +6 ring of strength (right claw)
 L - the ring "Viodaoll" (left claw) {*Slow rElec AC+4 Dex+2}
   (You took it off a minotaur in a Gauntlet)

   [ring of protection]

   It affects your AC (+4).
   It affects your dexterity (+2).
   It insulates you from electricity.
   It may slow you when you take damage.
Wands
 r - a wand of digging (9)
 s - a wand of acid (22)
 M - a wand of iceblast (8)
 O - a wand of paralysis (5)
 R - a wand of disintegration (16)
 T - a wand of clouds (5)
Scrolls
 f - 7 scrolls of amnesia
 g - 4 scrolls of blinking
 h - a scroll of fear
 k - 12 scrolls of teleportation
 l - 22 scrolls of remove curse
 o - 6 scrolls of immolation
 t - 6 scrolls of enchant weapon
 y - 3 scrolls of identify
 F - a scroll of fog
 G - 3 scrolls of enchant armour
 H - a scroll of magic mapping
 U - a scroll of holy word
Potions
 c - 5 potions of haste
 d - 6 potions of mutation
 e - 4 potions of ambrosia
 i - 3 potions of resistance
 m - a potion of magic
 p - 6 potions of flight
 q - 4 potions of heal wounds
 x - 7 potions of curing
 D - 5 potions of might
 I - 4 potions of stabbing
 P - a potion of brilliance
Books
 J - a manual of Polearms
Miscellaneous
 b - 3 boxes of beasts


   Skills:
 - Level 8.1 Fighting
 - Level 7.3 Armour
 - Level 12.0 Dodging
 - Level 1.0 Stealth
 + Level 8.8 Shields
 + Level 14.8 Unarmed Combat
 + Level 1.6 Spellcasting
 + Level 4.9 Hexes
 - Level 7.0 Invocations
 - Level 5.0 Evocations


You had 14 spell levels left.
You knew the following spells:

 Your Spells              Type           Power        Failure   Level
a - Tukima's Dance        Hex            ##......     13%         3

Your spell library contained the following spells:

 Spells                   Type           Power        Failure   Level
 Corona                   Hex            ##.....      4%          1
 Slow                     Hex            ##......     7%          2
 Confusing Touch          Hex            ##......     13%         3
 Ensorcelled Hibernation  Hex/Ice        #.....       19%         2
 Animate Skeleton         Necr           #.....       32%         1
 Apportation              Tloc           #.....       32%         1
 Foxfire                  Conj/Fire      #...         32%         1
 Freeze                   Ice            #...         32%         1
 Magic Dart               Conj           #...         32%         1
 Sandblast                Erth           #.....       32%         1
 Sting                    Tmut/Pois      #...         32%         1
 Summon Small Mammal      Summ           #...         32%         1
 Dazzling Flash           Conj/Hex       #.....       36%         3
 Inner Flame              Hex/Fire       #.......     36%         3
 Summon Guardian Golem    Hex/Summ       #.......     36%         3
 Cause Fear               Hex            ##........   41%         4
 Blink                    Tloc           N/A          45%         2
 Call Imp                 Summ           #.......     45%         2
 Passwall                 Tmut/Erth      #.......     45%         2
 Poisonous Vapours        Pois/Air       #.....       45%         2
 Searing Ray              Conj           #.....       45%         2
 Conjure Flame            Conj/Fire      #.......     69%         3
 Frozen Ramparts          Ice            #.....       69%         3
 Gell's Gravitas          Tloc           #.........   69%         3
 Ignite Poison            Fire/Tmut/Pois #.......     69%         3
 Lesser Beckoning         Tloc           #.........   69%         3
 Mephitic Cloud           Conj/Pois/Air  #.......     69%         3
 Ozocubu's Armour         Ice            #.......     69%         3
 Stone Arrow              Conj/Erth      #.....       69%         3
 Teleport Other           Tloc           #.......     69%         3
 Fulminant Prism          Conj/Hex       #.........   77%         4
 Hailstorm                Conj/Ice       #.......     97%         4
 Iskenderun's Mystic Bla  Conj/Tloc      #.......     97%         4
 Olgreb's Toxic Radiance  Pois           #.......     97%         4
 Passage of Golubria      Tloc           N/A          97%         4
 Petrify                  Tmut/Erth      #.......     97%         4
 Sticky Flame             Conj/Fire      #.......     97%         4
 Summon Ice Beast         Ice/Summ       #.......     97%         4
 Metabolic Englaciation   Hex/Ice        #.........   98%         5
 Silence                  Hex/Air        #.........   98%         5
 Summon Mana Viper        Hex/Summ       #.......     98%         5
 Yara's Violent Unravell  Hex/Tmut       #.........   98%         5
 Fireball                 Conj/Fire      #.........   100%        5
 Lee's Rapid Deconstruct  Erth           #.........   100%        5
 Invisibility             Hex            ##......     100%        6
 Discord                  Hex            ##........   100%        8


Dungeon Overview and Level Annotations

Branches:
Dungeon (15/15)            Temple (1/1) D:5            Lair (6/6) D:9
 Shoals (0/4) Lair:3        Snake (2/4) Lair:3        Slime (0/5) Lair:5
    Orc (2/2) D:9             Elf (0/3) Orc:2        Vaults (0/5) D:13
 Depths (0/5) D:15        Gauntlet (visited)

Altars:
Ashenzari
Cheibriados
Dithmenos
Elyvilon
Gozag
Hepliaklqana
Kikubaaqudgha
Makhleb
Nemelex Xobeh
Okawaru
Qazlal
Ru
Sif Muna
Trog
Uskayaw
Vehumet
Wu Jian
Xom
Yredelemnul
The Shining One
Beogh
Jiyva

Shops:
D:6 (   Orc:1 [   Orc:2 =!?}   Snake:1 [

Portals:
Trove: D:10 (give 7 scrolls of blinking)

Annotations:
D:15 Rupert
Lair:2 exclusion: oklob plant


Innate Abilities, Weirdness & Mutations

You are too large for most types of armour.
You have claws for hands.
Your natural rate of healing is unusually fast.
You are covered in fur. (AC +1)
You have extremely tough skin. (AC +3)


Message History

The black mamba is moderately wounded.
You feel sick. The black mamba closely misses you. The black mamba bites you!
* * * LOW HITPOINT WARNING * * *
You emit a cloud of dark smoke.
Unknown command.
You closely miss the black mamba. You claw the black mamba!
The black mamba is severely wounded.
Your shadow barely misses the black mamba.
You feel sick. The black mamba misses you. x2
You scratch the black mamba but do no damage.
The black mamba is severely wounded.
You feel sick. The black mamba barely misses you. x3
The black mamba bites you!
* * * LOW HITPOINT WARNING * * *
You are more poisoned.
The black mamba poisons you!
You closely miss the black mamba.
The black mamba is moderately wounded.
You feel sick. The black mamba bites you!
You die...

#############
#............
#..."........
#.>..........
#.§§§§§§§.... ..
#§§§§§§§..........
#.§§@§# ....#
#.§§SS#######....
###§§.§§§........
##§§§.§.....#
###§......##
##§§...##
#####...#####
#.......#...##
.............## ##


You could see 2 black mambas.

Vanquished Creatures
  Aizul (Snake:1)
  An ironheart preserver (D:13)
  A minotaur (Gauntlet)
  Snorg (Orc:1)
  Josephine (D:14)
  2 ogre magi (D:15)
  2 naga warriors
  A fire dragon (Lair:1)
  6 hydras
  An ice dragon (D:8)
  2 anacondas
  10 two-headed ogres
  2 death yaks (Lair:6)
  A shock serpent (Snake:1)
  4 tengu warriors
  5 naga sharpshooters
  Sonja (Lair:4)
  2 unseen horrors
  2 naga ritualists (Snake:2)
  3 wizards (Gauntlet)
  Pikel (D:4)
  A wolf spider zombie (D:15)
  2 mana vipers (Snake:2)
  A lindwurm (Lair:3)
  3 orc knights (Orc:2)
  2 deep elf magi
  3 cyclopes
  8 ugly things
  2 orc sorcerers
  19 elephants
  A centaur zombie (D:13)
  2 salamanders
  A guardian serpent (Snake:1)
  A smoke demon (Gauntlet)
  9 cane toads
  2 torpor snails (Lair:6)
  11 black mambas
  2 naga magi (Snake:2)
  A gargoyle (D:11)
  11 komodo dragons
  2 efreet
  A rime drake (Lair:6)
  3 yaktaurs (D:15)
  4 polar bears
  5 trolls
  4 dream sheep (Lair:6)
  8 hornets
  2 slime creatures (D:12)
  Prince Ribbit (D:8)
  15 hippogriffs
  8 blink frogs
  12 spriggans (Lair:6)
  A vampire (D:11)
  4 wyverns
  4 wraiths
  42 yaks
  Grum (D:5)
  3 basilisks
  A steam dragon (D:12)
  4 vampire mosquitoes (D:13)
  15 nagas
  8 wargs
  An acid dragon (D:15)
  9 porcupines
  9 water moccasins
  5 ice beasts
  2 sky beasts
  48 orc warriors
  An eye of draining (D:8)
  Duvessa (D:4)
  7 black bears
  2 necrophages (D:11)
  28 wolves
  18 ogres
  4 boggarts (Lair:6)
  26 centaurs
  3 lemures (D:4)
  20 crocodiles
  2 big kobolds
  14 bullfrogs
  2 gnoll sergeants (D:5)
  Dowan (D:4)
  5 scorpions
  3 electric eels
  13 wights
  5 howler monkeys
  4 crimson imps (Gauntlet)
  A quasit (D:9)
  19 orc priests
  19 hounds
  4 jellies
  18 orc wizards
  2 bullfrog skeletons
  4 centaur skeletons
  A gnoll shaman (D:5)
  Terence (D:3)
  8 iguanas
  8 worker ants
  A killer bee zombie (D:10)
  A bullfrog simulacrum (D:13)
  2 hound skeletons
  Robin (D:3)
  3 worker ant zombies
  18 gnolls (D:5)
  A howler monkey skeleton (D:4)
  16 adders
  3 shadow imps (Gauntlet)
  4 white imps
  5 ufetubi
  2 oozes
  3 adder skeletons
  6 worms
  A dart slug (D:2)
  4 leopard geckos
  99 orcs
  7 giant cockroaches
  19 goblins
  11 hobgoblins
  22 jackals
  9 kobolds
  5 quokkas
  7 bats
  3 frilled lizards
  A quokka skeleton (D:4)
  7 rats
  2 plants (Gauntlet)
861 creatures vanquished.

Vanquished Creatures (others)
  A naga sharpshooter (Snake:1)
  A wizard (D:3)
  An orc wizard (D:5)
  3 fungi
  6 plants
12 creatures vanquished.

Grand Total: 873 creatures vanquished

Notes
Turn   | Place    | Note
-------+----------+-------------------------------------------
     0 | D:1      | KristoblXynda the Troll Monk began the quest for the Orb.
     0 | D:1      | Reached XP level 1. HP: 22/22 MP: 0/0
   233 | D:1      | Reached XP level 2. HP: 29/29 MP: 1/1
   675 | D:2      | Reached XP level 3. HP: 36/36 MP: 2/2
   999 | D:2      | Reached XP level 4. HP: 45/45 MP: 3/3
  1305 | D:3      | Found a bloodstained altar of Trog.
  1306 | D:3      | Noticed a wizard
  1311 | D:3      | Killed a wizard
  1360 | D:3      | Reached skill level 4 in Unarmed Combat
  1548 | D:3      | Noticed Robin
  1556 | D:3      | Killed Robin
  1556 | D:3      | Reached XP level 5. HP: 48/53 MP: 4/4
  1815 | D:3      | Noticed Terence
  1817 | D:3      | Killed Terence
  2147 | D:4      | Noticed a lemure
  2148 | D:4      | Noticed a lemure
  2153 | D:4      | Noticed Pikel
  2165 | D:4      | Noticed a lemure
  2167 | D:4      | Reached XP level 6. HP: 56/62 MP: 5/5
  2199 | D:4      | Killed Pikel
  2199 | D:4      | Reached skill level 5 in Unarmed Combat
  2199 | D:4      | Reached XP level 7. HP: 60/71 MP: 6/6
  2348 | D:4      | Got a distressingly furry cloak
  2354 | D:4      | Identified the +2 cloak "Inwuv" {rElec rPois Regen+ Str-3
                  | Dex+3} (You found it on level 4 of the Dungeon)
  2397 | D:4      | Reached skill level 6 in Unarmed Combat
  2416 | D:4      | Reached skill level 5 in Fighting
  2497 | D:4      | Reached skill level 5 in Dodging
  2707 | D:4      | Noticed Dowan
  2708 | D:4      | Noticed Duvessa
  2731 | D:4      | Killed Duvessa
  2731 | D:4      | Reached XP level 8. HP: 65/80 MP: 7/7
  2737 | D:4      | Killed Dowan
  2881 | D:5      | Entered Level 5 of the Dungeon
  3161 | D:5      | Found a staircase to the Ecumenical Temple.
  3208 | D:5      | Reached skill level 7 in Unarmed Combat
  3714 | D:5      | Reached XP level 9. HP: 89/89 MP: 8/8
  3740 | D:5      | Noticed Grum
  3748 | D:5      | Killed Grum
  3960 | Temple   | Entered the Ecumenical Temple
  4041 | Temple   | Became a worshipper of Dithmenos the Shadowed
  4041 | Temple   | Reached * piety under Dithmenos
  4041 | Temple   | Reached ** piety under Dithmenos
  4107 | D:6      | Identified the cursed +1 short sword of the Wolf {vorpal,
                  | rF- Str+6}
  4113 | D:6      | Reached skill level 8 in Unarmed Combat
  4119 | D:6      | Reached skill level 1 in Invocations
  4550 | D:6      | Found a hide-covered altar of Uskayaw.
  4569 | D:6      | Found a basalt altar of Yredelemnul.
  4605 | D:6      | Found a shattered altar of Ashenzari.
  4643 | D:6      | Found Qoison's Antique Weapon Emporium.
  4655 | D:6      | Bought a runed morningstar for 217 gold pieces
  5022 | D:7      | Reached skill level 1 in Armour
  5053 | D:7      | Reached XP level 10. HP: 93/100 MP: 11/11
  5102 | D:7      | Found an opulent altar of Gozag.
  5143 | D:7      | Reached skill level 9 in Unarmed Combat
  5236 | D:7      | Reached *** piety under Dithmenos
  5295 | D:7      | Found a radiant altar of Vehumet.
  5386 | D:7      | You fall into a shaft and drop 3 floors!
  5386 | D:10     | Entered Level 10 of the Dungeon
  5426 | D:10     | Found a portal to a secret trove of treasure.
  6411 | D:9      | Reached **** piety under Dithmenos
  6449 | D:9      | Reached skill level 5 in Invocations
  6729 | D:9      | Reached XP level 11. HP: 74/107 MP: 13/13
  6734 | D:9      | Found a staircase to the Lair.
  6884 | D:9      | Reached skill level 10 in Unarmed Combat
  7235 | D:9      | Found a staircase to the Orcish Mines.
  7617 | D:8      | Noticed an ice dragon
  7854 | D:8      | Noticed Prince Ribbit
  7867 | D:8      | Killed Prince Ribbit
  7961 | D:8      | Found a radiant altar of Vehumet.
  7961 | D:8      | Found a sparkling altar of Nemelex Xobeh.
  7962 | D:8      | Found an iron altar of Okawaru.
  8009 | D:8      | Killed an ice dragon
  8679 | D:11     | Reached ***** piety under Dithmenos
  8731 | D:11     | Reached skill level 5 in Armour
  8861 | D:11     | Learned a level 3 spell: Tukima's Dance
  9156 | D:12     | Noticed an unseen horror
  9175 | D:12     | Killed an unseen horror
  9711 | D:12     | Reached skill level 11 in Unarmed Combat
  9754 | D:12     | Reached XP level 12. HP: 115/115 MP: 16/16
 10123 | D:12     | Found a roughly hewn altar of Beogh.
 10458 | D:13     | Noticed a two-headed ogre
 10466 | D:13     | Killed a two-headed ogre
 10488 | D:13     | Noticed a tengu warrior
 10488 | D:13     | Noticed a tengu warrior
 10509 | D:13     | Killed a tengu warrior
 10523 | D:13     | Killed a tengu warrior
 10772 | D:13     | Reached ****** piety under Dithmenos
 10781 | D:13     | Noticed a two-headed ogre
 10808 | D:13     | Found a gate to the Vaults.
 10808 | D:13     | Noticed an ironheart preserver
 10817 | D:13     | Reached skill level 1 in Shields
 10843 | D:13     | Killed an ironheart preserver
 10859 | D:13     | Reached skill level 10 in Dodging
 10910 | D:13     | Killed a two-headed ogre
 11451 | D:14     | Noticed a tengu warrior
 11452 | D:14     | Noticed Josephine
 11453 | D:14     | Noticed a tengu warrior
 11478 | D:14     | Killed a tengu warrior
 11492 | D:14     | Killed a tengu warrior
 11492 | D:14     | Reached skill level 12 in Unarmed Combat
 11498 | D:14     | Killed Josephine
 11504 | D:14     | Reached XP level 13. HP: 70/124 MP: 17/17
 11518 | D:14     | Reached skill level 1 in Evocations
 11887 | D:15     | Entered Level 15 of the Dungeon
 12097 | D:15     | Found a staircase to the Depths.
 12097 | D:15     | Noticed a fire giant
 12563 | D:15     | Noticed Rupert
 12820 | D:15     | Reached skill level 5 in Shields
 12976 | Lair:1   | Entered Level 1 of the Lair of Beasts
 13270 | Lair:1   | Found an iron altar of Okawaru.
 13679 | Lair:1   | Noticed a fire dragon
 13927 | Lair:1   | Killed a fire dragon
 13950 | Lair:1   | Identified the Incunabulum of Creative Execration
 14166 | Lair:2   | Reached skill level 13 in Unarmed Combat
 14978 | Lair:3   | Found a gate leading to a gauntlet.
 14996 | Gauntlet | Entered a Gauntlet
 14996 | Gauntlet | Found a transporter.
 14996 | Gauntlet | Found a transporter.
 15099 | Gauntlet | Found a transporter.
 15100 | Gauntlet | Found a transporter.
 15100 | Gauntlet | Found a transporter.
 15100 | Gauntlet | Found a transporter.
 15110 | Gauntlet | Found a transporter.
 15111 | Gauntlet | Found a transporter.
 15114 | Gauntlet | Found a transporter.
 15114 | Gauntlet | Found a transporter.
 15124 | Gauntlet | Found a transporter.
 15129 | Gauntlet | Found a transporter.
 15337 | Gauntlet | Reached XP level 14. HP: 113/133 MP: 18/18
 15462 | Gauntlet | Identified the ring "Viodaoll" {*Slow rElec AC+4 Dex+2}
 15495 | Gauntlet | Identified the Reference Book on Noxious Malediction
 15690 | Lair:3   | Found a staircase to the Snake Pit.
 15895 | Lair:3   | Found a staircase to the Shoals.
 15968 | Lair:3   | Reached skill level 5 in Evocations
 16033 | Lair:3   | Reached skill level 1 in Hexes
 16857 | Lair:4   | Noticed Sonja
 16880 | Lair:4   | Killed Sonja
 17325 | Lair:5   | Found a viscous altar of Jiyva.
 17325 | Lair:5   | Found a staircase to the Slime Pits.
 17867 | Lair:6   | Entered Level 6 of the Lair of Beasts
 18446 | Lair:6   | Reached skill level 14 in Unarmed Combat
 18671 | Lair:6   | Reached XP level 15. HP: 140/140 MP: 19/19
 19530 | Orc:1    | Entered Level 1 of the Orcish Mines
 19587 | Orc:2    | Entered Level 2 of the Orcish Mines
 19594 | Orc:2    | Found a staircase to the Elven Halls.
 20463 | Orc:2    | Found Bivu's Distillery.
 20463 | Orc:2    | Found Deppinwa's Magic Scroll Shoppe.
 20465 | Orc:2    | Found Gideutt's Gadget Emporium.
 20467 | Orc:2    | Found Fibeoxt's Jewellery Boutique.
 20850 | Orc:1    | Noticed Snorg
 20865 | Orc:1    | Killed Snorg
 20932 | Orc:1    | Found Xuhauskam's Antique Armour Shop.
 21402 | D:15     | Paralysed by Rupert for 5 turns
 21587 | Snake:1  | Entered Level 1 of the Snake Pit
 21711 | Snake:1  | Found Asymayl's Antique Armour Boutique.
 21755 | Snake:1  | Bought a glowing scarf for 264 gold pieces
 21755 | Snake:1  | Bought a heavily runed cloak for 313 gold pieces
 21757 | Snake:1  | Identified the cursed +0 cloak of Viyd {-Cast rC+ Stlth+}
                  | (You bought it in a shop on level 1 of the Snake Pit)
 22164 | Snake:1  | You fall into a shaft and drop 1 floor!
 22373 | Snake:1  | Noticed Aizul
 22388 | Snake:1  | Killed Aizul
 22434 | Snake:1  | Reached skill level 1 in Spellcasting
 22837 | Snake:2  | Slain by a black mamba

Illustrated notes

Levels and vault maps discovered:
D:1:      lightli_arrival_boilingwater, layout_loops_ring
D:2:      minmay_skewed_foursquare, layout_rooms
D:3:      layout_loops_ring, trog_wizard, uniq_robin, uniq_terence
D:4:      layout_loops_ring, minmay_joined_circles, uniq_pikel, uniq_duvessa
D:5:      layout_cave_pods, minmay_temple_entry_offerings, serial_gnoll_camp,
          gnoll_camp_mini_loothouse, grums_kennel, gnoll_camp_huts_moat,
          gnoll_camp_mini_hut, chequers_garden
D:6:      minmay_cornered_nines, layout_cave_pods,
          nicolae_overflow_hidden_temple, serial_shops, shop
D:7:      layout_basic, kennysheep_mini_moat, vehumet_altar_wand_db
D:8:      layout_basic, gammafunk_temple_overflow_claw, minmay_diamond_spiral,
          uniq_prince_ribbit1
D:9:      layout_irregular_city, minmay_lair_entry_grove, david_orc_4, uniq_grum
D:10:     layout_basic, enter_trove_6, chequers_jeans, lemuel_statue_altar
D:11:     layout_roguey, minmay_misc_feat_tower
D:12:     layout_loops_cross, special_room [special_room_orc],
          hangedman_abyss_or_decor_stabs
D:13:     layout_irregular_city, skrybe_vaults_entry_preservation
D:14:     layout_rooms, infiniplex_staircase_star, drop_trap, uniq_josephine
D:15:     grunt_enter_depths_giant_problem, layout_irregular_city,
          serial_park_tiny_1, skrybe_limestone_x, uniq_rupert
Temple:   dshaligram_water_room_temple
Lair:1:   dragon1_lemuel, layout_hall_layers, basic_altar,
          chequers_serial_rivers_room_a, grunt_megastairs_4, lemuel_fruit_fields
Lair:2:   layout_regular_city, minmay_lair_oklob_chamber, lemuel_fruit_tree,
          serial_bayou_shore_a, grunt_megastairs_3
Lair:3:   layout_long_grid, minmay_shoals_entry_centaurs,
          guppyfry_snake_entry_garden, gauntlet_entry_generic,
          chequers_serial_rivers_room_b, lemuel_fruit_fields
Lair:4:   layout_small_grid, serial_bayou_crossing, infiniplex_staircase_pool,
          grunt_megastairs_1, uniq_sonja
Lair:5:   layout_misc_corridors, slime_altar_1
Lair:6:   minmay_lair_end_enchanted_forest, layout_cave_shapes
Snake:1:  layout_gridlike, serial_shops, nicolae_shop_overgrown_old_shop,
          uniq_aizul
Snake:2:  layout_grid_shapes, nicolae_large_snake_swirl, grunt_megastairs_2
Orc:1:    layout_caves, serial_shops, nicolae_shop_trees, uniq_snorg
Orc:2:    st_orc_rangers, layout_caves

Skill      XL: |  1  2  3  4  5  6  7  8  9 10 11 12 13 14 15 |
---------------+----------------------------------------------+-----
Fighting       | 3 4 5 6 7 8 |  8.1
Dodging        | 3 4 5 6 7 8 9 10 11 12 | 12.0
Unarmed Combat | 4 5 6 7 8 9 11 12 13 14 | 14.8
Invocations    | 3 5 7 |  7.0
Armour         | 1 4 5 7 |  7.3
Shields        | 3 5 7 8 |  8.8
Evocations     | 4 5 |  5.0
Hexes          | 3 4 |  4.9
Spellcasting   | 1 |  1.6
Stealth        | |  1.0

Action                   |  1- 3 |  4- 6 |  7- 9 | 10-12 | 13-15 || total
-------------------------+-------+-------+-------+-------+-------++-------
Melee: Unarmed           |   109 |   164 |   441 |   904 |  1548 ||  3166
       Punch             |     1 |       |    16 |    66 |   140 ||   223
       Morningstar       |       |       |       |       |    60 ||    60
 Cast: Tukima's Dance    |       |       |       |       |     1 ||     1
Evoke: Wand              |       |       |       |     8 |     6 ||    14
  Use: Scroll            |       |     5 |     9 |    14 |    16 ||    44
       Potion            |       |     1 |       |     3 |     2 ||     6
 Stab: Sleeping          |     1 |     2 |     4 |    11 |    18 ||    36
       Distracted        |       |       |       |     2 |     3 ||     5
Armor: Robe              |    40 |    38 |   155 |       |       ||   233
       Troll leather arm |       |       |    36 |   266 |   664 ||   966
       Skin              |       |       |       |    33 |       ||    33
Dodge: Dodged            |    58 |    64 |   349 |   649 |  1883 ||  3003

Table legend:
 A = Non-vault XP
 B = Vault XP
 C = Vault XP percentage of total XP
 D = Non-vault monster count
 E = Vault monster count
 F = Vault count percentage of total count
                 A         B        C        D         E       F
            +---------+---------+-------+---------+---------+-------
      Total |  106005 |   39762 |  27.3 |     598 |     259 |  30.2
            +---------+---------+-------+---------+---------+-------
        D:1 |      35 |       0 |   0.0 |      20 |       0 |   0.0
        D:2 |      75 |       4 |   5.1 |      22 |       2 |   8.3
        D:3 |     166 |      75 |  31.1 |      35 |      14 |  28.6
        D:4 |     269 |    1010 |  79.0 |      12 |      14 |  53.8
        D:5 |     779 |    1120 |  59.0 |      25 |      35 |  58.3
        D:6 |     877 |     140 |  13.8 |      21 |       3 |  12.5
        D:7 |    1763 |       2 |   0.1 |      21 |       1 |   4.5
        D:8 |    1054 |    1582 |  60.0 |      19 |       4 |  17.4
        D:9 |    1411 |    1969 |  58.3 |      22 |      25 |  53.2
       D:10 |    2635 |       0 |   0.0 |      31 |       0 |   0.0
       D:11 |    2346 |       0 |   0.0 |      23 |       0 |   0.0
       D:12 |    5967 |    1401 |  19.0 |      40 |      25 |  38.5
       D:13 |    4446 |    4059 |  47.7 |      23 |       9 |  28.1
       D:14 |    4204 |    1729 |  29.1 |      15 |       4 |  21.1
       D:15 |   16463 |       0 |   0.0 |      32 |       0 |   0.0
     Lair:1 |    4020 |    1598 |  28.4 |      16 |       4 |  20.0
     Lair:2 |    1719 |     512 |  22.9 |       9 |       2 |  18.2
     Lair:3 |   11230 |     750 |   6.3 |      37 |       6 |  14.0
     Lair:4 |    3260 |    2075 |  38.9 |      14 |       8 |  36.4
     Lair:5 |    2493 |       0 |   0.0 |      14 |       0 |   0.0
     Lair:6 |   17519 |    7901 |  31.1 |      53 |      42 |  44.2
    Snake:1 |    8374 |    1658 |  16.5 |      19 |       1 |   5.0
    Snake:2 |    7720 |    2399 |  23.7 |      15 |       5 |  25.0
      Orc:1 |    3274 |    1137 |  25.8 |      35 |       1 |   2.8
      Orc:2 |    3906 |    4752 |  54.9 |      25 |      40 |  61.5
   Gauntlet |       0 |    3889 | 100.0 |       0 |      14 | 100.0
            +---------+---------+-------+---------+---------+-------
